 Dungeon Crawl Stone Soup version 0.29-a0-653-gd47aff6735 (webtiles) character file.

Game seed: 149571042681014609

37 DocClef the Caller (level 3, 0/19 HPs)
             Began as a Tengu Summoner on June 21, 2022.
             Succumbed to an adder's poison
             ... on level 1 of the Dungeon.
             The game lasted 00:01:45 (1835 turns).

DocClef the Caller (Tengu Summoner)                 Turns: 1835, Time: 00:01:45

Health: 0/19       AC:  2    Str:  8    XL:     3   Next: 39%
Magic:  3/7        EV: 12    Int: 17    God:
Gold:   48         SH:  0    Dex: 14    Spells: 3/6 levels left

rFire   . . .      SeeInvis .   d - +0 short sword (speed)
rCold   . . .      Faith    .   (no shield)
rNeg    . . .      Spirit   .   a - +0 robe
rPois   .          Reflect  .   (helmet restricted)
rElec   .          Harm     .   (no cloak)
rCorr   .          Rampage  .   (no gloves)
Will    .....                   (boots unavailable)
Stlth   ++........              (no amulet)
HPRegen 0.06/turn               (no ring)
MPRegen 0.10/turn               (no ring)

@: mighty, lethally poisoned (0 -> -7)
A: beak, talons 3
a: no special abilities


You were on level 1 of the Dungeon.
You visited 1 branch of the dungeon, and saw 2 of its levels.

You collected 48 gold pieces.

Inventory:

Hand Weapons
 d - a +0 short sword of speed (weapon)
Armour
 a - a +0 robe (worn)
Jewellery
 c - a ring of protection from cold
Scrolls
 e - a scroll of fog {unknown}
 g - 2 scrolls of identify {unknown}
 h - a scroll of poison {unknown}
 j - a scroll of torment {unknown}
 k - a scroll of acquirement {unknown}
Potions
 b - a potion of magic
 i - a potion of curing {unknown}
 l - a potion of mutation {unknown}


   Skills:
 - Level 2.1 Dodging
 - Level 2.0 Stealth
 - Level 2.0 Spellcasting
 + Level 6.2 Summonings


You had 3 spell levels left.
You knew the following spells:

 Your Spells              Type           Power      Damage    Failure   Level
a - Summon Small Mammal   Summ           88%        N/A       1%          1
b - Call Imp              Summ           22%        N/A       2%          2

Your spell library contained the following spells:

 Spells                   Type           Power      Damage    Failure   Level
 Call Canine Familiar     Summ           22%        N/A       4%          3
 Summon Guardian Golem    Hex/Summ       12%        N/A       16%         3
 Summon Lightning Spire   Summ/Air       12%        N/A       47%         4


Dungeon Overview and Level Annotations

Branches:
Dungeon (2/15)

Altars:


Innate Abilities, Weirdness & Mutations

You have a beak for a mouth.
You have claws for feet.


Message History

The adder bites you but does no damage. The endoplasm barely misses you.
The adder bites you but does no damage.
You climb upwards.
There is a stone staircase leading down, spattered with blood here.
Casting: Summon Small Mammal (safe; 1% risk of failure)
Confirm with . or Enter, or press ? or * to list all spells.
A beastly little devil appears in a puff of flame.
The endoplasm hits you. The adder closely misses you.
You closely miss the adder. The endoplasm freezes you.
You are frozen.
* * * LOW HITPOINT WARNING * * *
The adder bites you but does no damage.
Unknown command.
You miss the adder. The adder closely misses you.
Your crimson imp barely misses the adder.
The endoplasm closely misses you.
Unknown command.
Casting: Call Imp (safe; 2% risk of failure)
Confirm with . or Enter, or press ? or * to list all spells.
The adder misses you.
Your crimson imp hits the adder but does no damage.
The endoplasm barely misses you.
Casting: Summon Small Mammal (safe; 1% risk of failure)
Confirm with . or Enter, or press ? or * to list all spells.
The adder closely misses you.
Your crimson imp barely misses the adder.
The endoplasm hits you.
* * * LOW HITPOINT WARNING * * *
The adder bites you but does no damage.
You miss the adder.
Your crimson imp barely misses the adder.
The adder bites you.
* * * LOW HITPOINT WARNING * * *
You are lethally poisoned!
The adder poisons you!
Unknown command.
It was a potion of might.
You feel very mighty all of a sudden.
You die...

#####.# #.#.##....#.#.# #.#
....#.# #.#.........#.# #.#
....#.# #.#.##..#.###.# #.#
....#.###.............# #.#
....#.....#.##....##### #.#
....#####.#.##....# #.# ......#
#.#.##....#############.#
......###.#.##..J5#.............#
................@S#.#############
)...#####.#.##.##r#.#...#....#
..........#.#...#r#.#.#.#.##.#
###.......#.#...#.#.#.#.#.##.#
#.......#.#...#.#.#.#.#.##.#
#.......#.#...#.#.#.#.#.##.#
#.......#.#####.#.#.#.#.##.#
#######.#.........#.#.#.##.#
#.#.#####...#.#.#.##.#


You could see an adder (ally target), an endoplasm, a friendly crimson imp
(summoned), a friendly quokka (summoned) and a friendly rat (summoned).

Vanquished Creatures
  A worm (D:2)
  A dart slug (D:1)
  2 bats (D:1)
  4 endoplasms (D:1)
  2 giant cockroaches (D:1)
  4 hobgoblins (D:1)
  3 quokkas (D:1)
  2 ball pythons
  3 frilled lizards (D:1)
  A kobold (D:1)
  A rat (D:1)
24 creatures vanquished.

Vanquished Creatures (collateral kills)
  A goblin (D:1)
  A hobgoblin (D:1)
  A frilled lizard (D:1)
  A kobold (D:1)
4 creatures vanquished.

Grand Total: 28 creatures vanquished

Notes
Turn   | Place    | Note
-------+----------+-------------------------------------------
     0 | D:1      | DocClef the Tengu Summoner began the quest for the Orb.
     0 | D:1      | Reached XP level 1. HP: 10/10 MP: 4/4
   114 | D:1      | Reached skill level 5 in Summonings
   458 | D:1      | Reached XP level 2. HP: 9/15 MP: 6/6
   470 | D:1      | Learned a level 2 spell: Call Imp
   869 | D:1      | Reached XP level 3. HP: 19/19 MP: 7/7
   968 | D:1      | Reached skill level 6 in Summonings
  1835 | D:1      | Succumbed to an adder's poison

Illustrated notes

Levels and vault maps discovered:
D:1:      dpeg_arrival_rooms_c, layout_basic
D:2:      layout_basic, minmay_three_crescents, uniq_natasha

Skill      XL: |  1  2  3 |
---------------+----------+-----
Summonings     | 5 6 |  6.2
Dodging        | |  2.1
Stealth        | |  2.0
Spellcasting   | |  2.0

Action                   || total
-------------------------++-------
Melee: Short sword       ||    65
       Kick              ||    13
       Unarmed           ||     3
       Peck              ||    11
       Punch             ||     4
 Cast: Summon Small Mamm ||    27
       Call Imp          ||     2
  Use: Potion            ||     1
 Stab: Distracted        ||     1
       Sleeping          ||     3
Armor: Robe              ||     8
Dodge: Dodged            ||    37

Table legend: (Time is in decaauts)
 A = Elapsed time spent in this place.
 B = Non-inter-level travel time spent in this place.
 C = Inter-level travel time spent in this place.
 D = Time resting spent in this place.
 E = Time spent auto-exploring this place.
 F = Levels seen in this place.
 G = Mean time per level.
                   A        B        C        D        E       F      G
               +--------+--------+--------+--------+--------+-----+--------+
         Total |   1818 |   1775 |     43 |    286 |   1288 |   2 |  909.0 |
       Dungeon |   1818 |   1775 |     43 |    286 |   1288 |   2 |  909.0 |
               +--------+--------+--------+--------+--------+-----+--------+

Top non-repeatable levels by time:
     D:1: 1784 daAuts
     D:2: 34 daAuts
